 Dungeon Crawl Stone Soup version 0.22-a0-617-g6d95e9e (webtiles) character file.

232 Hebeh the Magician (level 5, -4/28 HPs)
             Began as a Deep Elf Fire Elementalist on July 12, 2018.
             Killed from afar by Sigmund (8 damage)
             ... with a magic dart
             ... on level 3 of the Dungeon.
             The game lasted 00:15:14 (3638 turns).

Hebeh the Magician (Deep Elf Fire Elementalist)     Turns: 3638, Time: 00:15:15

Health: -4/28      AC:  3    Str:  5    XL:     5   Next: 73%
Magic:  7/14       EV: 13    Int: 21    God:
Gold:   116        SH:  2    Dex: 15    Spells: 7/13 levels left

rFire    . . .     SeeInvis .   b - +0 hunting sling
rCold    . . .     Gourm    .   (no shield)
rNeg     . . .     Faith    .   d - +0 robe
rPois    .         Spirit   .   (no helmet)
rElec    .         Reflect  +   f - +0 cloak
rCorr    .         Harm     .   (no gloves)
MR       .....                  (no boots)
Stlth    ++........             o - +2 amulet of reflection
HPRegen  0.09/turn              (no ring)
MPRegen  0.14/turn              (no ring)

@: no status effects
A: no striking features
a: no special abilities


You were on level 3 of the Dungeon.
You were hungry.

You visited 1 branch of the dungeon, and saw 3 of its levels.

You collected 116 gold pieces.

Inventory:

Hand Weapons
 a - a +1 whip of draining
 b - a +0 hunting sling (weapon)
 g - a cursed -3 dagger
 u - a +0 spear
Missiles
 j - 30 stones (quivered)
 v - 3 javelins
Armour
 d - a +0 robe (worn)
 f - a +0 cloak (worn)
Jewellery
 o - a +2 amulet of reflection (around neck)
 q - an uncursed amulet of magic regeneration {unknown}
Scrolls
 e - a scroll of enchant armour {unknown}
 h - 2 scrolls of identify {unknown}
 k - a scroll of enchant weapon {unknown}
 l - a scroll of fear {unknown}
 m - a scroll of fog {unknown}
 s - a scroll of blinking {unknown}
 x - 3 scrolls of immolation {unknown}
Potions
 i - a potion of magic {unknown}
 n - a potion of curing {unknown}
 p - a potion of agility {unknown}
 r - a potion of mutation {unknown}
 t - a potion of haste {unknown}
Comestibles
 c - 2 rations
 w - 3 chunks of flesh


   Skills:
 - Level 2.4 Dodging
 - Level 2.4 Stealth
 + Level 4.8 Spellcasting
 * Level 4.5 Conjurations
 + Level 4.5 Fire Magic


You had 7 spell levels left.
You knew the following spells:

 Your Spells              Type           Power        Failure   Level  Hunger
a - Flame Tongue          Conj/Fire      ###..        1%          1    None
b - Throw Flame           Conj/Fire      ###...       2%          2    None
c - Conjure Flame         Conj/Fire      ###.....     5%          3    ##.....

Your spell library contained the following spells:

 Spells                   Type           Power        Failure   Level  Hunger
 Fireball                 Conj/Fire      ###.......   43%         5    #####..
 Sticky Flame             Conj/Fire      ###.....     17%         4    ####...
 Inner Flame              Hex/Fire       ##......     13%         3    ##.....


Dungeon Overview and Level Annotations

Branches:
Dungeon (3/15)

Altars:
Makhleb
Trog

Annotations:
D:3 Sigmund


Message History

You feel less confused.
You hear a zap.
Your will is overpowered!
You are confused.
A puff of flame appears from out of thin air!
The puff of flame hits you!
You feel less confused.
A puff of flame appears from out of thin air!
The puff of flame hits you!
* * * LOW HITPOINT WARNING * * *
You are feeling hungry.
You start resting.
You hear some strange, mumbled words.
Something tries to affect you, but you resist.
Sigmund appears from thin air!
Reactivating autopickup.
Sigmund points at you and mumbles some strange words.
You resist with some effort.
Sigmund points at you and mumbles some strange words.
The magic dart hits you!
You die...

######## ### #......# #.# #####
#......# #<# #...# #......# #..
#...# #......# #..
#...######......# #÷.
###...##.<..).....# #..
#........@....@...######..
########..############.......##..
#........#)...........#.####.....
#.).....÷#.)#......#..#.# ####..
#.........##........##..### #..
#..................@......# ###..
#...........##..##....###........
#........#####...>..#.# ####...
#........# ####...#.# .....


You could see Sigmund.

Vanquished Creatures
  Terence (D:3)
  A worker ant (D:3)
  9 adders
  3 oozes
  A dart slug (D:2)
  3 leopard geckos
  2 orcs (D:3)
  8 bats
  15 giant cockroaches
  6 hobgoblins
  9 kobolds
  A quokka (D:3)
  4 frilled lizards
  11 goblins
  8 rats
  A plant (D:2)
83 creatures vanquished.

Notes
Turn   | Place    | Note
-------+----------+-------------------------------------------
     0 | D:1      | Hebeh the Deep Elf Fire Elementalist began the quest for the Orb.
     0 | D:1      | Reached XP level 1. HP: 10/10 MP: 6/6
   152 | D:1      | Reached XP level 2. HP: 8/15 MP: 0/8
   914 | D:1      | Reached XP level 3. HP: 19/19 MP: 8/10
  1061 | D:2      | Learned a level 2 spell: Throw Flame
  1065 | D:2      | Learned a level 3 spell: Conjure Flame
  1451 | D:2      | Reached XP level 4. HP: 20/24 MP: 1/11
  1594 | D:2      | Found a burning altar of Makhleb.
  1668 | D:2      | Found a bloodstained altar of Trog.
  2799 | D:3      | Noticed Terence
  2804 | D:3      | Killed Terence
  2903 | D:3      | Reached XP level 5. HP: 28/28 MP: 11/13
  3026 | D:3      | Noticed Sigmund
  3638 | D:3      | Killed from afar by Sigmund

Vault maps used:
D:1:      lightli_arrival_maybe_door_vault
D:2:      minmay_roachtagon, lemuel_crystal_altar, bloody_trog, serial_bayou,
          serial_bayou_lagoon_a, serial_bayou_ford_a, serial_bayou_crossing,
          serial_bayou_pond_b, mrwooster_statue_mirror
D:3:      minmay_curled_crystal, nicolae_gozag_zags_fifth_avenue, uniq_terence,
          uniq_crazy_yiuf_cottage, uniq_sigmund

Skill      XL: |  1  2  3  4  5 |
---------------+----------------+-----
Conjurations   | 2 3 4 |  4.5
Spellcasting   | 4 |  4.8
Fire Magic     | 4 |  4.5
Dodging        | |  2.4
Stealth        | |  2.4

Action                   |  1- 3 |  4- 6 || total
-------------------------+-------+-------++-------
Melee: Unarmed           |    17 |       ||    17
       Whip              |     1 |   182 ||   183
 Fire: Hunting sling     |    28 |    49 ||    77
 Cast: Flame Tongue      |    63 |    65 ||   128
       Conjure Flame     |     2 |       ||     2
       Throw Flame       |       |     7 ||     7
  Eat: Chunk             |     1 |     4 ||     5
       Ration            |       |     1 ||     1
Armor: Robe              |     6 |     7 ||    13
Dodge: Dodged            |    33 |    32 ||    65
Block: Other             |       |     3 ||     3

Table legend:
 A = Spawn XP
 B = Non-spawn XP
 C = Spawn XP percentage of total XP
 D = Spawn monster count
 E = Non-spawn monster count
 F = Spawn count percentage of total count
 G = Total turns spent on level
                    A         B        C        D         E        F      G
               +---------+---------+-------+---------+---------+-------+---------
         Total |       0 |     332 |   0.0 |       0 |      82 |   0.0 |  3638
               +---------+---------+-------+---------+---------+-------+---------
           D:1 |       0 |      53 |   0.0 |       0 |      25 |   0.0 |  1057
           D:2 |       0 |     105 |   0.0 |       0 |      33 |   0.0 |  1903
           D:3 |       0 |     174 |   0.0 |       0 |      24 |   0.0 |   678
               +---------+---------+-------+---------+---------+-------+---------
